 Dungeon Crawl Stone Soup version 0.29.0-11-gd7f09526c8 (webtiles) character file.

Game seed: 3680765455099534853

166818 Ge0ff the Fencer (level 17, 0/125 (135) HPs)
             Began as a Vampire Abyssal Knight on Sept 4, 2022.
             Was a High Priest of Lugonu.
             Succumbed to a wolf spider's poison
             ... on level 2 of the Abyss.
             The game lasted 02:01:52 (50174 turns).

Ge0ff the Fencer (Vampire Abyssal Knight)          Turns: 50174, Time: 02:01:52

HP:   0/125 (135)   AC: 14    Str: 16    XL:     17   Next: 30%
MP:   16/27         EV: 15    Int: 14    God:    Lugonu [*****.]
Gold: 1822          SH: 15    Dex: 21    Spells: 16/16 levels left

rFire   . . .      SeeInvis +   a - +1 scimitar (flame)
rCold   + . .      Faith    .   G - +2 kite shield
rNeg    . . .      Spirit   .   t - +1 ring mail of Wuklan {Drain rC+ Str+4}
rPois   +          Reflect  .   h - +2 helmet {SInv}
rElec   .          Harm     .   (no cloak)
rCorr   .          Rampage  .   Q - +1 pair of gloves
Will    +....                   W - +0 pair of boots
Stlth   ++........              (no amulet)
HPRegen 0.50/turn               k - +4 ring of slaying {=R}
MPRegen 0.20/turn               Y - ring of poison resistance

@: lethally poisoned (0 -> -6), healing quickly, studying Invocations, drained
A: alive, fangs 3, see invisible, vampiric 2
a: Exsanguinate, Renounce Religion, Depart the Abyss, Bend Space, Banish,
Corrupt, Enter the Abyss


You were on level 2 of the Abyss.
You worshipped Lugonu.
Lugonu was extremely pleased with you.
You visited 4 branches of the dungeon, and saw 26 of its levels.
You visited the Abyss 2 times.

You collected 2396 gold pieces.
You spent 574 gold pieces at shops.

Inventory:

Hand Weapons
 a - a +1 scimitar of flaming (weapon)
 b - a +2 dagger of venom
 w - the +4 dagger of Conflict {protect, rPois MP+9}
   (You found it on level 5 of the Lair of Beasts)

   It grants its wielder temporary protection when it strikes (+7 to AC).
   rPois:     It protects you from poison.
   MP:        It affects your magic capacity (+9).
Missiles
 g - a throwing net {=F}
 v - a curare-tipped dart {=F}
 x - 5 silver javelins (quivered)
Armour
 h - a +2 helmet of see invisible (worn)
 t - the +1 ring mail of Wuklan (worn) {Drain rC+ Str+4}
   (You took it off an orc on level 4 of the Dungeon)

   Str:       It affects your strength (+4).
   rC:        It protects you from cold.
   Drain:     It drains your maximum health when unequipped.
 G - a +2 kite shield (worn)
 Q - a +1 pair of gloves (worn)
 W - a +0 pair of boots (worn)
Jewellery
 e - a ring of fire
 k - a +4 ring of slaying (left hand) {=R}
 y - a +4 ring of protection
 C - a ring of willpower
 F - a ring of flight
 P - a +4 ring of slaying
 Y - a ring of poison resistance (right hand)
 Z - a ring of positive energy
Wands
 d - a wand of digging (9)
 f - a wand of flame (10)
 p - a wand of paralysis (2)
 r - a wand of roots (6)
Scrolls
 i - 12 scrolls of identify
 m - 6 scrolls of magic mapping
 B - 2 scrolls of blinking
 D - a scroll of torment
 E - a scroll of fear
 J - a scroll of silence {!r}
 S - a scroll of summoning
 T - 3 scrolls of teleportation
 U - a scroll of enchant armour
 V - a scroll of vulnerability
Potions
 o - 3 potions of ambrosia
 u - 4 potions of mutation {!q}
 z - 7 potions of brilliance
 A - 2 potions of attraction
 H - 4 potions of haste {!q}
 I - a potion of invisibility
 K - 3 potions of magic {!q}
 L - 3 potions of lignification
 M - 8 potions of might
 N - 5 potions of cancellation {!q}
 R - 2 potions of resistance
 X - a potion of flight
Miscellaneous
 c - a condenser vane (inert)
 l - a lightning rod (1/4)
 O - a box of beasts (inert)


   Skills:
 * Level 12.7 Fighting
 - Level 8.8(14.8) Short Blades
 - Level 17.3(18.0) Long Blades
 + Level 5.7 Throwing
 + Level 6.7 Armour
 + Level 8.9 Dodging
 - Level 3.0 Stealth
 + Level 11.0 Shields
 + Level 14.2 Invocations
 + Level 8.0 Evocations


You had 16 spell levels left.
You didn't know any spells.
Your spell library contained the following spells:

 Spells                   Type           Power      Damage    Failure   Level
 Magic Dart               Conj           0%         1d3       71%         1
 Sting                    Tmut/Pois      0%         1d3       71%         1
 Blink                    Tloc           0%         N/A       85%         2
 Call Imp                 Summ           0%         N/A       85%         2
 Ensorcelled Hibernation  Hex/Ice        0%         N/A       85%         2
 Poisonous Vapours        Pois/Air       0%         N/A       85%         2
 Searing Ray              Conj           0%         2d4       85%         2
 Static Discharge         Conj/Air       0%         3-3/arc   85%         2
 Inner Flame              Hex/Fire       0%         N/A       97%         3
 Lesser Beckoning         Tloc           0%         N/A       97%         3
 Mephitic Cloud           Conj/Pois/Air  0%         N/A       97%         3
 Ozocubu's Armour         Ice            0%         N/A       97%         3
 Spider Form              Tmut/Pois      0%         N/A       97%         3
 Anguish                  Hex/Necr       0%         N/A       100%        4
 Cause Fear               Hex            0%         N/A       100%        4
 Dispel Undead            Necr           0%         3d6       100%        4
 Fulminant Prism          Conj/Hex       0%         3d6       100%        4
 Olgreb's Toxic Radiance  Pois           0%         N/A       100%        4
 Sticky Flame             Conj/Fire      0%         2d3       100%        4
 Fireball                 Conj/Fire      0%         3d3       100%        5
 Manifold Assault         Tloc           0%         N/A       100%        5
 Metabolic Englaciation   Hex/Ice        0%         N/A       100%        5
 Summon Forest            Summ/Tloc      0%         N/A       100%        5
 Summon Mana Viper        Hex/Summ       0%         N/A       100%        5
 Conjure Ball Lightning   Conj/Air       0%         3x3d6     100%        6
 Eringya's Noxious Bog    Tmut/Pois      0%         N/A       100%        6
 Simulacrum               Ice/Necr       0%         N/A       100%        6
 Starburst                Conj/Fire      0%         6d3       100%        6
 Summon Cactus Giant      Summ           0%         N/A       100%        6
 Malign Gateway           Summ/Tloc      0%         N/A       100%        7
 Summon Hydra             Summ           0%         N/A       100%        7
 Discord                  Hex            0%         N/A       100%        8
 Disjunction              Tloc           0%         N/A       100%        8
 Ignition                 Fire           0%         3d3       100%        8
 Summon Horrible Things   Summ           0%         N/A       100%        8
 Chain Lightning          Conj/Air       0%         N/A       100%        9
 Fire Storm               Conj/Fire      0%         5d1       100%        9
 Shatter                  Erth           0%         3d5*      100%        9


Dungeon Overview and Level Annotations

Branches:
Dungeon (15/15) Zot: 23321  Temple (0/1) D:5            Lair (5/5) D:11 Zot: 21746
 Shoals (0/4) Lair:3       Spider (4/4) Lair:2 Zot: 14893   Slime (0/5) Lair:5
    Orc (2/2) D:10 Zot: 8320     Elf (0/3) Orc:2        Vaults (0/5) D:14
 Depths (0/4) D:15

Altars:
Ashenzari
Fedhas
Hepliaklqana
Kikubaaqudgha
Makhleb
Nemelex Xobeh
Okawaru
Sif Muna
Uskayaw
Yredelemnul
Jiyva

Shops:
D:1 !   D:2 *   D:5 !   Orc:2 :(:?[*

Portals:
Trove: D:12 (give 7 potions of haste)

Annotations:
D:12 1 runed translucent door, exclusion: storm dragon
D:14 1 runed translucent door
Abyss:1 Asterion, Rupert


Innate Abilities, Weirdness & Mutations

Your natural rate of healing is accelerated.
You have razor-sharp teeth.
You have supernaturally acute eyesight. (SInv)
You are afflicted with vampirism and can become a bat while bloodless.


Message History

Aiming: Dig
Press: ? - help, Shift-Dir - straight line A rock wall, spattered with blood.
The rock shatters into small pieces.
You block the wolf spider's attack. x2
The pharaoh ant bites you! The wolf spider barely misses you. x2
The pharaoh ant attacks as you move away!
The pharaoh ant bites you!
You feel drained.
The wolf spider attacks as you move away!
You block the wolf spider's attack. The wolf spider bites you!
You are poisoned.
The wolf spider poisons you!
You feel extremely sick.
The pharaoh ant bites you but does no damage.
The pharaoh ant attacks as you move away!
You block the pharaoh ant's attack.
You feel very sick.
Use which ability? (? or * to list) Space bends violently around you!
You blink.
You feel very sick.
Aiming: Thunderbolt
Press: ? - help, Shift-Dir - straight line, f - pharaoh ant
Aim: a pharaoh ant (translocational energy)
The thunderbolt hits the pharaoh ant.
The pharaoh ant is lightly damaged.
You feel very sick.
Aiming: Thunderbolt
Press: ? - help, Shift-Dir - straight line, f/p - pharaoh ant
Aim: a pharaoh ant (lightly damaged)
The thunderbolt hits the wolf spider!
The wolf spider is lightly wounded.
The thunderbolt hits the pharaoh ant!!
The pharaoh ant is severely damaged.
You feel very sick.
Aiming: Thunderbolt
Press: ? - help, Shift-Dir - straight line, f/p - pharaoh ant
Aim: a pharaoh ant (severely damaged)
The thunderbolt hits the wolf spider!!
The wolf spider is heavily wounded.
The thunderbolt hits the wolf spider!!
The wolf spider is severely wounded.
The thunderbolt hits the pharaoh ant!
The pharaoh ant is almost destroyed.
You feel sick. The pharaoh ant bites you!!
* * * LOW HITPOINT WARNING * * *
Okay, then.
Use which ability? (? or * to list) This branch contains the abyssal rune of Zot.
Lugonu is no longer ready to corrupt your weapon.
You die... .######## .......@# .#.#.####

There were no monsters in sight!

Vanquished Creatures
  Jorgrun (Orc:1)
  Gastronok (Lair:3)
  2 emperor scorpions
  2 ghost moths
  3 broodmothers
  Nessos (Lair:3)
  2 entropy weavers
  The ghost of kalagan the Thaumaturge, a journeyman DECj of Sif Muna (Orc:2)
  Snorg (Orc:1)
  A great orb of eyes (D:15)
  The ghost of Hoafok the Carver, a journeyman MiFi of Okawaru (D:9)
  A vault guard (D:14)
  9 boulder beetles
  Erolcha (Orc:2)
  7 hydras
  A merfolk avatar (Lair:5)
  6 ogre magi
  4 centaur warriors
  24 two-headed ogres
  3 tengu warriors
  4 death yaks
  An orc high priest (Orc:2)
  4 skeletal warriors
  8 pharaoh ants
  A sun moth (Spider:2)
  2 deep trolls (Orc:2)
  3 sea snakes (Lair:5)
  3 steelbarb worms
  12 orb spiders
  A harpy (Lair:5)
  A necromancer (D:14)
  An orc knight (Orc:2)
  A harpy (shapeshifter) (D:14)
  9 wolf spiders
  2 deep elf pyromancers (D:14)
  A manticore (D:13)
  15 ugly things
  2 orc sorcerers
  2 centaur zombies (D:10)
  4 cyclopes
  A spectral centaur (D:10)
  The ghost of unrecovered the Sneak, a novice OpEE of Elyvilon (D:7)
  2 black mambas
  12 elephants
  4 torpor snails
  A water nymph (shapeshifter) (D:14)
  4 gargoyles
  5 rime drakes
  4 demonic crawlers
  10 cane toads
  A yaktaur (D:15)
  A freezing wraith (D:12)
  An unseen horror (D:13)
  10 komodo dragons
  2 efreet
  2 tengu conjurers
  17 trolls
  A merfolk (D:10)
  2 meliai
  19 tarantellas
  A polar bear (Lair:5)
  3 wind drakes (Lair:5)
  A snapping turtle (Lair:5)
  7 blink frogs
  5 hornets
  13 slime creatures
  8 dream sheep (Lair:5)
  2 centaur simulacra
  50 yaks
  A spriggan (Lair:4)
  28 jumping spiders
  12 wyverns
  A culicivora (shapeshifter) (D:14)
  18 culicivoras
  A vampire (D:13)
  3 shadows
  Eustachio (D:3)
  2 basilisks
  Grum (D:9)
  6 steam dragons
  51 redbacks
  A hog (shapeshifter) (D:15)
  5 vampire mosquitoes
  The ghost of Axelsxxd the Insei, an amateur OpGl (D:3)
  6 wargs
  An acid dragon (D:13)
  18 water moccasins
  5 black bears
  9 orc warriors
  29 ogres
  4 wolves
  4 boggarts (D:15)
  12 centaurs
  A lemure (D:8)
  3 kobold brigands
  12 bullfrogs
  11 scorpions
  3 necrophages
  16 wights
  9 killer bees
  2 electric eels
  5 howler monkeys
  A hound (D:6)
  10 jellies
  9 orc priests
  3 gnoll boudas
  4 iguanas
  Natasha (thrice) (D:4)
  11 orc wizards
  7 adders
  13 gnolls
  3 white imps
  2 ufetubi
  6 worms
  3 dart slugs
  54 orcs
  7 endoplasms
  3 giant cockroaches
  6 goblins
  3 hobgoblins (D:1)
  2 jackals (D:5)
  4 quokkas
  8 ball pythons
  8 bats
  3 frilled lizards
  13 kobolds
  4 rats
811 creatures vanquished.

Vanquished Creatures (collateral kills)
  A broodmother (Spider:1)
  A tengu warrior (D:13)
  A centaur warrior (D:13)
  Pikel (D:8)
  A manticore (D:8)
  A demonic crawler (Spider:4)
  An efreet (D:13)
  A jumping spider (Spider:1)
  3 lemures (D:8)
11 creatures vanquished.

Vanquished Creatures (others)
  A komodo dragon (Lair:5)
  An orc (Orc:1)
  5 bushes
  47 fungi
  129 plants
  2 withered plants (D:3)
185 creatures vanquished.

Grand Total: 1007 creatures vanquished

Notes
Turn   | Place    | Note
-------+----------+-------------------------------------------
     0 | Abyss:1  | Ge0ff the Vampire Abyssal Knight began the quest for the
                  | Orb.
     0 | Abyss:1  | Reached XP level 1. HP: 17/17 MP: 2/2
    32 | Abyss:2  | Noticed a small abomination
    32 | Abyss:2  | Noticed a demonic crawler
    35 | D:1      | Escaped the Abyss
   102 | D:1      | Reached skill level 1 in Stealth
   206 | D:1      | Reached XP level 2. HP: 18/23 MP: 3/3
   225 | D:1      | Noticed a great orb of eyes
   227 | D:1      | Found a faded altar of an unknown god.
   228 | D:1      | Noticed a golden eye
   228 | D:1      | Noticed an eye of devastation
   228 | D:1      | Noticed a floating eye
   234 | D:1      | Found Senobbar's Distillery.
   867 | D:2      | Gained mutation: You are afflicted with vampirism and can
                  | become a bat while bloodless. [Vampire growth]
   867 | D:2      | Reached XP level 3. HP: 28/28 MP: 4/4
  1381 | D:2      | Found Unoucrix's General Store.
  1606 | D:3      | Found a runed translucent door.
  1606 | D:3      | Noticed Axelsxxd's ghost (amateur OpGl)
  1611 | D:3      | Reached XP level 4. HP: 34/34 MP: 5/5
  1783 | D:3      | Found a sparkling altar of Nemelex Xobeh.
  2124 | D:3      | Reached skill level 5 in Short Blades
  2124 | D:3      | Reached skill level 1 in Armour
  2260 | D:3      | Reached *** piety under Lugonu
  2380 | D:3      | Reached XP level 5. HP: 40/40 MP: 6/6
  2558 | D:3      | Killed Axelsxxd's ghost
  2559 | D:3      | Reached XP level 6. HP: 27/47 MP: 7/7
  2669 | D:4      | Found a basalt altar of Yredelemnul.
  2683 | D:4      | Noticed Eustachio
  2777 | D:3      | Killed Eustachio
  2778 | D:3      | Reached skill level 1 in Throwing
  2879 | D:4      | Noticed Natasha
  2889 | D:4      | Killed Natasha
  2914 | D:4      | Noticed Natasha
  2926 | D:4      | Reached XP level 7. HP: 26/52 MP: 9/9
  2957 | D:4      | Killed Natasha
  3012 | D:4      | Identified the +1 ring mail of Wuklan {Drain rC+ Str+4}
  3220 | D:4      | Found a shimmering blue altar of Sif Muna.
  3390 | D:4      | Noticed Natasha
  3407 | D:4      | Killed Natasha
  3412 | D:4      | Found a hazy altar of Hepliaklqana.
  3513 | D:4      | Reached **** piety under Lugonu
  3565 | D:4      | Found a broken altar of Ashenzari.
  3684 | D:5      | Entered Level 5 of the Dungeon
  3871 | D:5      | Reached skill level 1 in Evocations
  3927 | D:5      | Reached XP level 8. HP: 22/58 MP: 11/11
  4095 | D:5      | Found a staircase to the Ecumenical Temple.
  4449 | D:5      | Found Efreyg Xaef's Distillery.
  4465 | D:5      | Reached skill level 1 in Shields
  5740 | D:6      | Reached skill level 5 in Invocations
  5740 | D:6      | Reached XP level 9. HP: 54/65 MP: 12/12
  6176 | D:7      | Reached ***** piety under Lugonu
  6595 | D:8      | Noticed Pikel
  6595 | D:8      | Noticed a manticore
  6617 | D:8      | Killed Pikel
  6618 | D:8      | Reached skill level 5 in Fighting
  6625 | D:8      | Killed a manticore
  6749 | D:8      | Found an ancient bone altar of Kikubaaqudgha.
  6998 | D:8      | Reached skill level 1 in Long Blades
  7075 | D:8      | Reached skill level 2 in Long Blades
  7075 | D:8      | Reached XP level 10. HP: 24/74 MP: 14/14
  7079 | D:8      | Reached skill level 3 in Long Blades
  7272 | D:8      | Found a blossoming altar of Fedhas.
  7298 | D:8      | Found a hide-covered altar of Uskayaw.
  7482 | D:8      | Reached skill level 4 in Long Blades
  7548 | D:8      | Reached skill level 5 in Long Blades
  7853 | D:7      | Reached skill level 6 in Long Blades
  8154 | D:7      | Found a runed translucent door.
  8160 | D:7      | Noticed unrecovered's ghost (novice OpEE)
  8227 | D:8      | Reached skill level 7 in Long Blades
  8475 | D:8      | Found a burning altar of Makhleb.
  8616 | D:8      | Reached skill level 8 in Long Blades
  8797 | D:8      | Reached skill level 9 in Long Blades
  9047 | D:9      | Reached skill level 10 in Long Blades
  9216 | D:9      | Noticed Grum
  9241 | D:9      | Reached skill level 11 in Long Blades
  9411 | D:9      | Killed Grum
 10007 | D:9      | Reached skill level 12 in Long Blades
 10099 | D:9      | Noticed a two-headed ogre
 10107 | D:9      | Banished a two-headed ogre
 10379 | D:10     | Entered Level 10 of the Dungeon
 10582 | D:2      | Bought a scroll of blinking for 105 gold pieces
 10582 | D:2      | Bought a scroll of magic mapping for 105 gold pieces
 10633 | D:1      | Bought a potion of invisibility for 112 gold pieces
 10840 | D:10     | Found an iron altar of Okawaru.
 10889 | D:10     | Reached skill level 5 in Shields
 10889 | D:10     | Reached XP level 11. HP: 75/79 MP: 15/15
 11205 | D:10     | Noticed a two-headed ogre
 11217 | D:10     | Killed a two-headed ogre
 11308 | D:10     | Reached skill level 5 in Evocations
 11729 | D:10     | Found a staircase to the Orcish Mines.
 11833 | D:10     | You fall into a shaft and drop 2 floors!
 11865 | D:11     | Found a staircase to the Lair.
 12253 | D:11     | Reached skill level 13 in Long Blades
 12667 | D:11     | Noticed a two-headed ogre
 12678 | D:11     | Killed a two-headed ogre
 13231 | D:11     | Noticed a tengu warrior
 13238 | D:11     | Killed a tengu warrior
 13449 | D:10     | Found a runed translucent gate.
 13449 | D:10     | Found a runed translucent gate.
 13449 | D:10     | Found a runed translucent gate.
 13450 | D:10     | Noticed Hoafok's ghost (journeyman MiFi)
 13769 | D:11     | Noticed a cyan ugly thing
 13822 | D:11     | Killed a cyan ugly thing
 14155 | D:12     | Noticed a green ugly thing
 14155 | D:12     | Noticed a purple ugly thing
 14521 | D:12     | Reached XP level 12. HP: 45/92 MP: 18/18
 14964 | D:12     | Noticed a four-headed hydra
 14966 | D:12     | Banished a four-headed hydra
 15073 | D:12     | Noticed a two-headed ogre
 15074 | D:12     | Banished a two-headed ogre
 15227 | D:12     | Noticed a two-headed ogre
 15228 | D:12     | Banished a two-headed ogre
 15238 | D:12     | Found a portal to a secret trove of treasure.
 15516 | D:12     | Found a runed translucent door.
 15517 | D:12     | Noticed a yaktaur captain
 15519 | D:12     | Noticed a storm dragon
 15519 | D:12     | Noticed a tengu reaver
 15827 | D:12     | Noticed a boulder beetle
 15974 | D:11     | Reached skill level 14 in Long Blades
 16304 | D:7      | Killed unrecovered's ghost
 16480 | Lair:1   | Entered Level 1 of the Lair of Beasts
 16490 | Lair:1   | Noticed a five-headed hydra
 16491 | Lair:1   | Banished a five-headed hydra
 16819 | Lair:1   | Noticed a death yak
 16821 | Lair:1   | Noticed a death yak
 16822 | Lair:1   | Noticed a death yak
 17073 | Orc:1    | Entered Level 1 of the Orcish Mines
 17523 | D:10     | Paralysed by a hornet for 2 turns
 18381 | D:12     | Killed a boulder beetle
 18547 | D:12     | Noticed a tengu warrior
 18572 | D:12     | Killed a tengu warrior
 18670 | D:12     | Noticed a spark wasp
 18676 | D:12     | Noticed an ice dragon
 18676 | D:12     | Noticed a broodmother
 18676 | D:12     | an ice dragon changed into a broodmother
 18680 | D:12     | Noticed an ettin
 18686 | D:12     | Noticed a two-headed ogre
 18686 | D:12     | an ettin changed into a two-headed ogre
 19843 | Orc:1    | Reached XP level 13. HP: 31/101 MP: 20/20
 20285 | Orc:1    | Noticed Snorg
 20315 | Orc:1    | Killed Snorg
 20568 | Orc:1    | Noticed Jorgrun
 20712 | D:10     | Found an iron altar of Okawaru.
 21623 | D:12     | Found a portal to a secret trove of treasure.
 21769 | D:12     | Found a runed translucent door.
 22390 | D:13     | Reached skill level 5 in Dodging
 24044 | Lair:1   | Reached skill level 10 in Invocations
 24697 | Lair:2   | Found a hole to the Spider Nest.
 24741 | Lair:2   | Reached skill level 15 in Long Blades
 25076 | Lair:2   | Reached skill level 10 in Fighting
 26251 | Lair:3   | Found a staircase to the Shoals.
 26338 | Lair:3   | Noticed Nessos
 26438 | Lair:3   | Noticed Gastronok
 26574 | Lair:4   | Reached XP level 14. HP: 87/110 MP: 20/22
 26924 | Lair:3   | Killed Nessos
 27209 | Lair:3   | Killed Gastronok
 28429 | Lair:5   | Entered Level 5 of the Lair of Beasts
 29013 | Lair:5   | Reached skill level 16 in Long Blades
 29016 | Lair:5   | Reached skill level 10 in Shields
 29532 | Lair:5   | Found a staircase to the Slime Pits.
 29533 | Lair:5   | Found a viscous altar of Jiyva.
 30023 | Lair:5   | Identified a scroll of acquirement
 30759 | Lair:5   | Identified the +4 dagger of Conflict {protect, rPois MP+9}
 30768 | Lair:5   | Identified the +10 rapier "Xedwim" {holy, rElec rPois rC+}
 31272 | D:9      | Killed Hoafok's ghost
 31814 | D:12     | Found a runed translucent door.
 31856 | D:12     | Found a portal to a secret trove of treasure.
 32491 | D:12     | Reached skill level 17 in Long Blades
 32547 | D:13     | Identified the +0 ring mail of Masochism {rF+ Dex+3}
 32955 | D:13     | Reached XP level 15. HP: 103/115 MP: 24/24
 33507 | D:14     | Found a runed translucent door.
 33507 | D:14     | Noticed a sphinx
 33507 | D:14     | Noticed a sphinx
 34537 | D:14     | Noticed an azure jelly
 34538 | D:14     | an azure jelly changed into a minotaur
 34541 | D:14     | Noticed a storm dragon
 34541 | D:14     | a minotaur changed into a storm dragon
 34542 | D:14     | Noticed an azure jelly
 34542 | D:14     | a storm dragon changed into an azure jelly
 34544 | D:14     | an azure jelly changed into an iron troll
 34548 | D:14     | Noticed an azure jelly
 34548 | D:14     | an iron troll changed into an azure jelly
 34590 | D:15     | Entered Level 15 of the Dungeon
 34774 | D:14     | Found a gate to the Vaults.
 34945 | Orc:1    | Killed Jorgrun
 35171 | Orc:2    | Entered Level 2 of the Orcish Mines
 36027 | Orc:2    | Found a staircase to the Elven Halls.
 36033 | Orc:2    | Noticed Rupert
 36182 | Orc:2    | Reached ****** piety under Lugonu
 36196 | Orc:2    | Reached skill level 5 in Armour
 36203 | Orc:2    | Noticed Erolcha
 36630 | Orc:2    | Found Keddusme's Armour Shop.
 36636 | Orc:2    | Found Yvesseo's Book Shoppe.
 36914 | Orc:2    | Banished Rupert
 36947 | Orc:2    | Found Ikkomom's General Store.
 36948 | Orc:2    | Found Jugyocy's Magic Scroll Shop.
 36953 | Orc:2    | Found a runed translucent door.
 36986 | Orc:2    | Found Voek's Weapon Boutique.
 37008 | Orc:2    | Noticed kalagan's ghost (journeyman DECj)
 37026 | Orc:2    | Killed Erolcha
 37081 | Orc:2    | Killed kalagan's ghost
 37134 | Orc:2    | Bought 4 curare-tipped darts for 36 gold pieces
 37145 | Orc:2    | Bought a scroll of vulnerability for 56 gold pieces
 37150 | Orc:2    | Bought a scroll of teleportation for 48 gold pieces
 37237 | Orc:2    | Found Coahu's Vocational Training.
 37439 | Orc:2    | Acquired a manual of Invocations
 37631 | D:15     | Identified the +10 hand axe of Fragile Peace {freeze, Fly
                  | rN+ Will+}
 37641 | D:15     | Paralysed by an ogre mage for 5 turns
 38471 | D:15     | Reached XP level 16. HP: 120/125 MP: 25/25
 39531 | D:15     | Found a staircase to the Depths.
 39822 | D:15     | Found a staircase to the Depths.
 40384 | Spider:1 | Entered Level 1 of the Spider Nest
 40933 | D:5      | Bought a potion of curing for 30 gold pieces
 40933 | D:5      | Bought a potion of might for 40 gold pieces
 41018 | D:1      | Bought a potion of curing for 42 gold pieces
 41909 | Spider:1 | Identified the +3 buckler "Mureal" {Dex+4}
 43430 | Spider:1 | Reached skill level 5 in Throwing
 45214 | Spider:2 | Found the +5 scythe "Finisher" {speed, eviscerate}
 46089 | Spider:2 | Reached XP level 17. HP: 104/134 MP: 27/27
 47271 | Spider:3 | Noticed Asterion
 47277 | Spider:3 | Banished Asterion
 50133 | Spider:4 | Entered Level 4 of the Spider Nest
 50173 | Spider:4 | HP: 1/125 [pharaoh ant (30)]
 50174 | Abyss:2  | Succumbed to a wolf spider's poison

Illustrated notes

Levels and vault maps discovered:
D:1:      amcnicky_arrival_wind_blow, layout_basic,
          hellmonk_ecumenical_altar_watching_god, serial_shops, shop
D:2:      layout_loops_ring, serial_shops, shop_fountains
D:3:      layout_basic, mainiacjoe_overflow_brackets, nemelex_dance_club_becter,
          gammafunk_ghost_grave
D:4:      layout_rooms, amcnicky_altar_gilded, mainiacjoe_overflow_alcove_2,
          mainiacjoe_overflow_boulevard, lemuel_crystal_altar,
          nicolae_underground_beach, uniq_eustachio, uniq_natasha
D:5:      layout_loops_cross, temple_fountains, minmay_misc_feat_plants,
          minmay_misc_feat_nine_boxes, minmay_fountain_box, hex_large,
          kennysheep_windowed_goal
D:6:      layout_basic
D:7:      layout_loops_ring, ebering_ghost_reflecting_pool,
          amcnicky_mini_pool_small, glass_columns_a, grunt_ministairs_9
D:8:      layout_basic, lemuel_doored_altar, fedhas_altar_4,
          nicolae_overflow_hidden_temple, dreamdust_princess_corridor,
          uniq_pikel
D:9:      layout_basic, uniq_grum
D:10:     layout_loops_corners, mainiacjoe_overflow_six_doors_small,
          orc_0_dummy, gammafunk_ghost_necromancy, hangedman_fish_farm
D:11:     layout_small_grid, minmay_lair_entry_grove, roderic_lattice_a,
          minmay_misc_feat_chi
D:12:     layout_roguey, nicolae_trove_entry_crossroad, chequers_mini_garden,
          minmay_hidden_floor
D:13:     layout_gridville, lightli_fourway_metalbox
D:14:     layout_loops_ring, david_vaults_5, serial_rivers,
          chequers_serial_rivers_small_b, chequers_serial_rivers_micro_d,
          chequers_serial_rivers_small_b, chequers_serial_rivers_small_3,
          chequers_serial_rivers_micro_a, kennysheep_treasure_room
D:15:     gammafunk_enter_depths_forms, layout_basic, minmay_misc_feat_tower
Lair:1:   layout_regular_city, serial_forest, infiniplex_forest_end_3,
          infiniplex_forest_straight_3, infiniplex_forest_end_3,
          infiniplex_forest_clump_long, infiniplex_forest_lined_room_3,
          infiniplex_forest_zigzag_1, infiniplex_forest_straight_2,
          infiniplex_forest_lined_room_, infiniplex_forest_clump_diagonal
Lair:2:   layout_hall_layers, nicolae_spider_entry_non_spiders
Lair:3:   layout_loops_ring, elwin_shoals_entry_rocks, grunt_megastairs_3,
          lemuel_fruit_tree, uniq_nessos, uniq_gastronok
Lair:4:   layout_gridlike, grunt_forest_large_clearing_hut
Lair:5:   gammafunk_lair_ancient_temple, layout_gridlike,
          minmay_slime_entry_jelly_boxes
Spider:1: layout_spider_delve, nicolae_spider_orb_run
Spider:2: layout_spider_delve
Spider:3: layout_chambers, uniq_asterion
Spider:4: grunt_spider_rune_island
Orc:1:    layout_caves, nicolae_orc_bridge_out, uniq_jorgrun, uniq_snorg
Orc:2:    st_orc_open, layout_caves, serial_shops, nicolae_shop_trees,
          ebering_ghost_reflecting_pool, nicolae_shop_vocational, uniq_erolcha,
          uniq_rupert
Abyss:2:  base: Temple, evilmike_abyss_exit_vortex, abyss_greek_temple, base:
          D:9, hangedman_abyss_river_spirits

Skill      XL: |  1  2  3  4  5  6  7  8  9 10 11 12 13 14 15 16 17 |
---------------+----------------------------------------------------+-----
Stealth        | 2 3 |  3.0
Short Blades   | 3 4 5 6 7 8 |  8.8
Armour         | 1 2 3 4 5 6 |  6.7
Fighting       | 3 4 5 7 9 10 11 12 | 12.7
Dodging        | 3 4 5 7 8 |  8.9
Invocations    | 2 3 4 5 6 8 9 10 12 13 14 | 14.2
Throwing       | 1 4 5 |  5.7
Evocations     | 1 2 4 5 6 7 8 |  8.0
Shields        | 3 4 5 7 8 10 11 | 11.0
Long Blades    | 2 12 13 14 15 17 | 17.3

Action                   |  1- 3 |  4- 6 |  7- 9 | 10-12 | 13-15 | 16-18 || total
-------------------------+-------+-------+-------+-------+-------+-------++-------
Melee: Short sword       |   125 |   104 |   463 |     8 |       |       ||   700
       Bite              |    13 |    14 |    63 |   135 |   222 |   127 ||   574
       Punch             |     1 |       |     2 |       |       |       ||     3
       Long sword        |       |       |    13 |   793 |       |       ||   806
       Scimitar          |       |       |       |    44 |  1090 |   734 ||  1868
       Dagger            |       |       |       |     9 |   260 |    13 ||   282
Throw: Boomerang         |       |    45 |    60 |    40 |   180 |       ||   325
       Dart              |       |     2 |     1 |    34 |    79 |    30 ||   146
       Throwing net      |       |       |       |     1 |     2 |     1 ||     4
       Javelin           |       |       |       |       |       |    28 ||    28
Invok: Depart the Abyss  |     1 |       |       |       |       |       ||     1
       Bend Space        |       |       |       |    29 |    29 |     2 ||    60
       Banish            |       |       |       |    16 |     9 |     8 ||    33
       Enter the Abyss   |       |       |       |       |       |     1 ||     1
Evoke: Wand              |       |       |    20 |    23 |    21 |    14 ||    78
       Lightning rod     |       |       |       |    10 |    14 |    15 ||    39
       Condenser vane    |       |       |       |       |     1 |     4 ||     5
       Box of beasts     |       |       |       |       |       |     4 ||     4
  Use: Scroll            |     9 |     5 |     6 |    11 |    13 |     7 ||    51
       Potion            |     1 |     4 |    11 |     7 |     4 |     7 ||    34
 Stab: Sleeping          |     7 |     3 |     2 |     2 |     6 |     1 ||    21
       Paralysed         |       |       |     1 |    11 |       |     4 ||    16
       Distracted        |       |       |     1 |       |     2 |     6 ||     9
       Held in net/web   |       |       |       |     1 |     2 |       ||     3
       Invisible         |       |       |       |       |     2 |       ||     2
Armor: Leather armour    |    26 |    32 |    15 |       |       |       ||    73
       Ring mail         |       |       |    83 |   151 |   228 |   173 ||   635
       Skin              |       |       |       |    10 |     2 |       ||    12
Dodge: Dodged            |    84 |    63 |   195 |   296 |   442 |   302 ||  1382
Block: Buckler           |       |       |    74 |    88 |   188 |       ||   350
       Kite shield       |       |       |       |   250 |   397 |   484 ||  1131
